 Dungeon Crawl Stone Soup version 0.27-a0-1545-g3eddc1d3d3 (webtiles) character file.

Game seed: 6781157032613114363

8 HAL9000 the Sneak (level 2, -5/15 HPs)
             Began as a Vine Stalker Brigand on July 13, 2021.
             Slain by a gnoll (6 damage)
             ... on level 1 of the Dungeon.
             The game lasted 00:00:45 (362 turns).

HAL9000 the Sneak (Vine Stalker Brigand)             Turns: 362, Time: 00:00:46

Health: -5/15      AC:  3    Str: 13    XL:     2   Next: 8%
Magic:  0/3        EV: 11    Int: 11    God:
Gold:   9          SH:  0    Dex: 15    Spells: 1/1 levels left

rFire    . . .     SeeInvis .   a - +2 dagger
rCold    . . .     Faith    .   (no shield)
rNeg     . . .     Spirit   +   b - +0 robe
rPois    .         Reflect  .   (no helmet)
rElec    .         Harm     .   c - +0 cloak
rCorr    .         Rampage  .   (no gloves)
Will     .....                  (no boots)
Stlth    +++.......             (no amulet)
HPRegen  0.05/turn              (no ring)
MPRegen  0.08/turn              (no ring)

@: no status effects
A: fangs 2, magic shield, antimagic bite, no potion heal 2
a: no special abilities


You were on level 1 of the Dungeon.
You visited 1 branch of the dungeon, and saw 1 of its levels.

You collected 9 gold pieces.

Inventory:

Hand Weapons
 a - a +2 dagger (weapon)
Missiles
 d - 6 poisoned darts (quivered)
Armour
 b - a +0 robe (worn)
 c - a +0 cloak (worn)
Scrolls
 g - a scroll of blinking
 h - a scroll of acquirement {unknown}


   Skills:
 - Level 1.7 Fighting
 - Level 1.7 Short Blades
 - Level 1.7 Throwing
 - Level 0.7 Dodging
 + Level 5.5 Stealth


You had one spell level left.
You didn't know any spells.
Your spell library was empty.

Dungeon Overview and Level Annotations

Branches:
Dungeon (1/15)

Altars:


Innate Abilities, Weirdness & Mutations

You have extremely sharp teeth.
When hurt, damage is shared between your health and your magic reserves.
Your bite disrupts and absorbs the magic of your enemies.
Potions cannot restore your health.


Message History

You see here 7 sling bullets.
The gnoll hits you with a +0 mace.
Throw: 8 darts (poison)
Press: ? - help, Q - select action Shift-Dir - straight line, f/p - gnoll
Aim: a gnoll, wielding a +0 mace (lightly wounded, 61% to hit)
You throw a poisoned dart. The poisoned dart hits the gnoll.
The gnoll is poisoned.
The gnoll is lightly wounded.
The gnoll misses you.
The endoplasm jiggles.
There are monsters nearby!
Really stalk into that dispersal trap?
You enter a dispersal trap!
The gnoll blinks!
The endoplasm blinks!
You blink.
The gnoll looks more healthy.
The endoplasm hits you. The gnoll closely misses you.
Really stalk into that dispersal trap?
You enter a dispersal trap!
The gnoll blinks!
The endoplasm blinks!
The rat blinks!
The gnoll blinks!
The hobgoblin blinks!
The rat blinks!
The endoplasm blinks!
The gnoll blinks!
You blink.
The gnoll barely misses you.
You see here a +0 ring mail.
The endoplasm hits you but does no damage.
The endoplasm barely misses you.
Throw: 7 darts (poison)
Press: ? - help, Q - select action Shift-Dir - straight line, f/p - gnoll
Aim: a gnoll, wielding a +0 mace (moderately wounded, 61% to hit)
You throw a poisoned dart.
The poisoned dart closely misses the gnoll.
The poisoned dart hits the hobgoblin.
The hobgoblin is poisoned.
The gnoll hits you with a +0 mace.
* * * LOW HITPOINT WARNING * * *
The endoplasm misses you.
You aren't carrying any potions.
Unknown command.
As you read the scroll labelled PIOSAI HOMM, it crumbles to dust.
It is a scroll of identify.
g - a scroll of blinking The gnoll hits you with a +0 mace!
You die...

######## ##......##
##........##
#..........#
#.[....@.).#
#.....Jg...#
#.....g....#
#....r#'#### ## #
##....#.#.#♣♣♣♣♣#.#.#
##...(#.............#
#.....#..♣..♣.♣.)♣..
#.[...#≈#♣♣..≈..♣♣#
#.....#≈#P♣.≈≈≈.♣P#


You could see a gnoll, an endoplasm, a hobgoblin (poisoned) and a rat.

Vanquished Creatures
  A ball python (D:1)
  A bat (D:1)
  A giant cockroach (D:1)
  2 goblins (D:1)
  A quokka (D:1)
6 creatures vanquished.

Notes
Turn   | Place    | Note
-------+----------+-------------------------------------------
     0 | D:1      | HAL9000 the Vine Stalker Brigand began the quest for the
                  | Orb.
     0 | D:1      | Reached XP level 1. HP: 11/11 MP: 2/2
    18 | D:1      | Reached skill level 5 in Stealth
    62 | D:1      | Reached XP level 2. HP: 5/15 MP: 0/3
   362 | D:1      | Slain by a gnoll

Illustrated notes

Levels and vault maps discovered:
D:1:      tarquinn_simple_flora_water_b, layout_rooms

Skill      XL: |  1 |
---------------+----+-----
Stealth        | 5 |  5.5
Fighting       | |  1.7
Short Blades   | |  1.7
Throwing       | |  1.7
Dodging        | |  0.7

Action                   || total
-------------------------++-------
Melee: Dagger            ||    15
       Bite              ||     4
Throw: Dart              ||     4
  Use: Scroll            ||     1
 Stab: Sleeping          ||     1
Armor: Robe              ||     7
Dodge: Dodged            ||    10

Table legend: (Time is in decaauts)
 A = Elapsed time spent in this place.
 B = Non-inter-level travel time spent in this place.
 C = Inter-level travel time spent in this place.
 D = Time resting spent in this place.
 E = Time spent auto-exploring this place.
 F = Levels seen in this place.
 G = Mean time per level.
                   A        B        C        D        E       F      G
               +--------+--------+--------+--------+--------+-----+--------+
         Total |    360 |    360 |      0 |     33 |    242 |   1 |  360.0 |
       Dungeon |    360 |    360 |      0 |     33 |    242 |   1 |  360.0 |
               +--------+--------+--------+--------+--------+-----+--------+

Top non-repeatable levels by time:
     D:1: 360 daAuts
